TOP OF THE 1ST |
San Francisco (APP) Giants batting - Pitching for Bristol Pirates : RHP George Sechler
|
Pitching: RHP George Sechler
|
|
Batting: RHB Ryan Bentz
|
0-0: Ball 1-0: Ball 2-0: SINGLE (Line Drive, 89S, EV 107.5 MPH)
|
Batting: RHB Jeremy Bailey
|
0-0: Ball Ryan Bentz steals 2nd base 1-0: Swinging Strike 1-1: Ground out 6-3 (Groundball, 6D, EV 106.3 MPH)
|
Batting: LHB Al Hernandez
|
0-0: Called Strike Ryan Bentz steals 3rd base 0-1: Ball 1-1: Ball 2-1: Ball 3-1: Base on Balls
|
Batting: RHB Jason Gregor
|
0-0: Called Strike 0-1: Ball 1-1: Foul Ball, location: 2F 1-2: Ball 2-2: Ball 3-2: Fielders Choice at 2nd, 5-4 (Groundball, 56, EV 85.0 MPH) Ryan Bentz scores
|
Batting: RHB Edwin Verdugo
|
0-0: 2-RUN HOME RUN (Flyball, 89XD, EV 106.3 MPH), Distance : 417 ft
|
Batting: RHB Teruhide Horiuchi
|
0-0: Foul Ball, location: 2F 0-1: Ball 1-1: Swinging Strike 1-2: Ball 2-2: Strikes out swinging
|
Top of the 1st over - 3 runs, 2 hits, 0 errors, 0 left on base; San Francisco (APP) 3 - Bristol 0 |
BOTTOM OF THE 1ST |
Bristol Pirates batting - Pitching for San Francisco (APP) Giants : LHP Matt Bagnall
|
Pitching: LHP Matt Bagnall
|
|
Batting: RHB Perry Dominey
|
0-0: Ball 1-0: Bunted foul 1-1: Ball 2-1: Swinging Strike 2-2: Foul Ball, location: 2F 2-2: SINGLE (Groundball, 4M, EV 110.6 MPH) (infield hit)
|
Batting: LHB Randy Boone
|
0-0: Ball 1-0: Foul Ball, location: 2F 1-1: Ball 2-1: Ball 3-1: Fielders Choice at 2nd, 4-6 (Groundball, 4, EV 88.1 MPH)
|
Batting: RHB Etsuro Hosokawa
|
0-0: Ball 1-0: Ball 2-0: Foul Ball, location: 2F 2-1: Swinging Strike 2-2: Strikes out swinging
|
Batting: LHB Joe Wise
|
0-0: Ball 1-0: Ball 2-0: Called Strike 2-1: Foul Ball, location: 2F 2-2: Fly out, F3 (Line Drive, 3, EV 69.4 MPH)
|
Bottom of the 1st over - 0 runs, 1 hit, 0 errors, 1 left on base; San Francisco (APP) 3 - Bristol 0 |
TOP OF THE 2ND |
San Francisco (APP) Giants batting - Pitching for Bristol Pirates : RHP George Sechler
|
Batting: SHB David Barona
|
0-0: Foul Ball, location: 2F 0-1: Ball 1-1: Foul Ball, location: 2F 1-2: Ball 2-2: Foul Ball, location: 2F 2-2: Ball 3-2: Ground out 1-3 (Groundball, 13S, EV 71.9 MPH)
|
Batting: RHB David Andrews
|
0-0: Foul Ball, location: 2F 0-1: Ball 1-1: Ball 2-1: Foul Ball, location: 2F 2-2: Foul Ball, location: 2F 2-2: Strikes out swinging
|
Batting: RHB Sadataka Kuwahara
|
0-0: Ball 1-0: Ball 2-0: Called Strike 2-1: SINGLE (Groundball, P, EV 86.9 MPH) (infield hit)
|
Batting: RHB Ryan Bentz
|
0-0: Ball Wild Pitch! Sadataka Kuwahara to second 1-0: Called Strike 1-1: Foul Ball, location: 2F 1-2: Ground out 6-3 (Groundball, 6, EV 105.0 MPH)
|
Top of the 2nd over - 0 runs, 1 hit, 0 errors, 1 left on base; San Francisco (APP) 3 - Bristol 0 |
BOTTOM OF THE 2ND |
Bristol Pirates batting - Pitching for San Francisco (APP) Giants : LHP Matt Bagnall
|
Batting: LHB Ruben Garza
|
0-0: Ball 1-0: Ball 2-0: Swinging Strike 2-1: Foul Ball, location: 2F 2-2: Ball 3-2: Ground out 6-3 (Groundball, 6, EV 108.1 MPH)
|
Batting: RHB Andrew DeRicco
|
0-0: Ball 1-0: Ball 2-0: Called Strike 2-1: Ball 3-1: Foul Ball, location: 2F 3-2: Foul Ball, location: 2F 3-2: Base on Balls
|
Batting: RHB Gilberto Victoria
|
0-0: Ball 1-0: Ball 2-0: Ball 3-0: Base on Balls Andrew DeRicco to second
|
Batting: RHB Rob Colley
|
0-0: Grounds into double play, 6-4-3 (Groundball, 6, EV 85.6 MPH)
|
Bottom of the 2nd over - 0 runs, 0 hits, 0 errors, 1 left on base; San Francisco (APP) 3 - Bristol 0 |
TOP OF THE 3RD |
San Francisco (APP) Giants batting - Pitching for Bristol Pirates : RHP George Sechler
|
Batting: RHB Jeremy Bailey
|
0-0: Ball 1-0: Called Strike 1-1: Ball 2-1: Swinging Strike 2-2: Ball 3-2: Base on Balls
|
Batting: LHB Al Hernandez
|
0-0: Ball 1-0: Called Strike 1-1: Called Strike 1-2: Strikes out swinging
|
Batting: RHB Jason Gregor
|
0-0: Ball Jeremy Bailey steals 2nd base 1-0: Ball 2-0: Foul Ball, location: 2F 2-1: Foul Ball, location: 2F 2-2: Ball 3-2: Foul Ball, location: 2F 3-2: Base on Balls
|
Batting: RHB Edwin Verdugo
|
0-0: Called Strike 0-1: Fly out, F5 (Line Drive, 5, EV 73.8 MPH)
|
Batting: RHB Teruhide Horiuchi
|
0-0: Hit by Pitch Jeremy Bailey to third Jason Gregor to second
|
Batting: SHB David Barona
|
0-0: Swinging Strike 0-1: Swinging Strike 0-2: Strikes out swinging
|
Top of the 3rd over - 0 runs, 0 hits, 0 errors, 3 left on base; San Francisco (APP) 3 - Bristol 0 |
BOTTOM OF THE 3RD |
Bristol Pirates batting - Pitching for San Francisco (APP) Giants : LHP Matt Bagnall
|
Batting: LHB Tomohiro Yokoyama
|
0-0: Ball 1-0: Called Strike 1-1: Ball 2-1: Swinging Strike 2-2: Strikes out swinging
|
Batting: RHB Perry Dominey
|
0-0: Ball 1-0: Ground out 5-3 (Groundball, 5, EV 106.3 MPH)
|
Batting: LHB Randy Boone
|
0-0: Called Strike 0-1: Ball 1-1: Ball 2-1: Ground out 4-3 (Groundball, 4, EV 101.9 MPH)
|
Bottom of the 3rd over - 0 runs, 0 hits, 0 errors, 0 left on base; San Francisco (APP) 3 - Bristol 0 |
TOP OF THE 4TH |
San Francisco (APP) Giants batting - Pitching for Bristol Pirates : RHP George Sechler
|
Batting: RHB David Andrews
|
0-0: Ball 1-0: Ball 2-0: Ball 3-0: Called Strike 3-1: Ground out 4-3 (Groundball, 4, EV 88.1 MPH)
|
Batting: RHB Sadataka Kuwahara
|
0-0: Ball 1-0: Ball 2-0: Ball 3-0: Base on Balls
|
Batting: RHB Ryan Bentz
|
0-0: Ball Sadataka Kuwahara is caught stealing 2nd base 2-4 1-0: Foul Ball, location: 2F 1-1: Ball 2-1: Called Strike 2-2: Ball 3-2: Foul Ball, location: 2F 3-2: Ground out 6-3 (Groundball, 6, EV 78.8 MPH)
|
Top of the 4th over - 0 runs, 0 hits, 0 errors, 0 left on base; San Francisco (APP) 3 - Bristol 0 |
BOTTOM OF THE 4TH |
Bristol Pirates batting - Pitching for San Francisco (APP) Giants : LHP Matt Bagnall
|
Batting: RHB Etsuro Hosokawa
|
0-0: Called Strike 0-1: Ball 1-1: Fly out, F9 (Flyball, 89S, EV 83.8 MPH)
|
Batting: LHB Joe Wise
|
0-0: Foul Ball, location: 2F 0-1: Ball 1-1: Swinging Strike 1-2: Ball 2-2: Ball 3-2: Base on Balls
|
Batting: LHB Ruben Garza
|
0-0: Foul Ball, location: 2F 0-1: Ball 1-1: Ball 2-1: Called Strike 2-2: Ball Wild Pitch! Joe Wise to second 3-2: Ground out U3 (Groundball, 34, EV 106.3 MPH) Joe Wise to third
|
Batting: RHB Andrew DeRicco
|
0-0: Ball 1-0: Called Strike 1-1: Called Strike 1-2: Strikes out swinging
|
Bottom of the 4th over - 0 runs, 0 hits, 0 errors, 1 left on base; San Francisco (APP) 3 - Bristol 0 |
TOP OF THE 5TH |
San Francisco (APP) Giants batting - Pitching for Bristol Pirates : RHP George Sechler
|
Batting: RHB Jeremy Bailey
|
0-0: Ball 1-0: Ball 2-0: Called Strike 2-1: Ball 3-1: Base on Balls
|
Batting: LHB Al Hernandez
|
0-0: Fly out, F6 (Flyball, 6D, EV 73.1 MPH)
|
Batting: RHB Jason Gregor
|
0-0: Ball Jeremy Bailey steals 2nd base 1-0: Swinging Strike 1-1: Called Strike 1-2: Ball 2-2: Strikes out swinging
|
Batting: RHB Edwin Verdugo
|
0-0: Hit by Pitch
|
Batting: RHB Teruhide Horiuchi
|
0-0: Called Strike 0-1: Called Strike 0-2: Strikes out swinging
|
Top of the 5th over - 0 runs, 0 hits, 0 errors, 2 left on base; San Francisco (APP) 3 - Bristol 0 |
BOTTOM OF THE 5TH |
Bristol Pirates batting - Pitching for San Francisco (APP) Giants : LHP Matt Bagnall
|
Batting: RHB Gilberto Victoria
|
0-0: Swinging Strike 0-1: Swinging Strike 0-2: SINGLE (Groundball, 56D, EV 97.5 MPH)
|
Batting: RHB Rob Colley
|
0-0: 2-RUN HOME RUN (Flyball, 7D, EV 98.1 MPH), Distance : 370 ft
|
Batting: LHB Tomohiro Yokoyama
|
0-0: Foul Ball, location: 2F 0-1: Swinging Strike 0-2: Foul Ball, location: 2F 0-2: Ball 1-2: Fly out, F4 (Popup, 4M, EV 73.8 MPH)
|
Pitching: RHP Omar Rondon
|
|
Batting: RHB Perry Dominey
|
0-0: Ball 1-0: Swinging Strike 1-1: Foul Ball, location: 2F 1-2: Ball 2-2: Hit by Pitch
|
Batting: LHB Randy Boone
|
0-0: Foul Ball, location: 2F 0-1: Fielders Choice at 2nd, 6-4 (Groundball, 6, EV 77.5 MPH)
|
Batting: RHB Etsuro Hosokawa
|
0-0: Ball 1-0: Ball 2-0: Swinging Strike 2-1: Ball 3-1: Called Strike 3-2: Strikes out swinging
|
Bottom of the 5th over - 2 runs, 2 hits, 0 errors, 1 left on base; San Francisco (APP) 3 - Bristol 2 |
TOP OF THE 6TH |
San Francisco (APP) Giants batting - Pitching for Bristol Pirates : RHP George Sechler
|
Batting: SHB David Barona
|
0-0: Ball 1-0: Called Strike 1-1: Ball 2-1: Ball 3-1: Base on Balls
|
Pitching: LHP Phil DeCamp
|
|
Batting: RHB David Andrews
|
0-0: Ball 1-0: Called Strike 1-1: Fielders Choice at 2nd, 6-4 (Groundball, 6, EV 89.4 MPH)
|
Batting: RHB Sadataka Kuwahara
|
0-0: Called Strike 0-1: Foul Ball, location: 2F 0-2: SINGLE (Flyball, 8LS, EV 93.8 MPH) David Andrews to second
|
Batting: RHB Ryan Bentz
|
0-0: Ball 1-0: Called Strike 1-1: Called Strike 1-2: Grounds into double play, 4-6-3 (Groundball, 4, EV 110.0 MPH)
|
Top of the 6th over - 0 runs, 1 hit, 0 errors, 1 left on base; San Francisco (APP) 3 - Bristol 2 |
BOTTOM OF THE 6TH |
Bristol Pirates batting - Pitching for San Francisco (APP) Giants : RHP Omar Rondon
|
Batting: LHB Joe Wise
|
0-0: Ball 1-0: Called Strike 1-1: Called Strike 1-2: Foul Ball, location: 2F 1-2: Ball 2-2: Fly out, F1 (Line Drive, P, EV 62.5 MPH)
|
Batting: LHB Ruben Garza
|
0-0: Called Strike 0-1: Ball 1-1: Swinging Strike 1-2: SINGLE (Line Drive, 34D, EV 95.6 MPH)
|
Batting: RHB Andrew DeRicco
|
0-0: Ball 1-0: Called Strike 1-1: Foul Ball, location: 2F 1-2: Strikes out looking
|
Batting: RHB Gilberto Victoria
|
0-0: Ball 1-0: Called Strike 1-1: Ball 2-1: Foul Ball, location: 2F 2-2: Strikes out swinging
|
Bottom of the 6th over - 0 runs, 1 hit, 0 errors, 1 left on base; San Francisco (APP) 3 - Bristol 2 |
TOP OF THE 7TH |
San Francisco (APP) Giants batting - Pitching for Bristol Pirates : LHP Phil DeCamp
|
Pitching: LHP Norm Silveira-Wray
|
|
Batting: RHB Jeremy Bailey
|
0-0: Ball 1-0: Ball 2-0: Ball 3-0: Called Strike 3-1: Swinging Strike 3-2: Base on Balls
|
Batting: LHB Al Hernandez
|
0-0: Foul Ball, location: 2F 0-1: Ball 1-1: Ball 2-1: Foul Ball, location: 2F 2-2: Foul Ball, location: 2F 2-2: Strikes out looking
|
Batting: RHB Jason Gregor
|
0-0: Called Strike 0-1: Fly out, F4 (Popup, 34D, EV 56.9 MPH)
|
Batting: RHB Edwin Verdugo
|
0-0: Ball 1-0: Foul Ball, location: 2F 1-1: Ball 2-1: Swinging Strike 2-2: Foul Ball, location: 2F 2-2: Strikes out swinging, 2-3 out at first.
|
Top of the 7th over - 0 runs, 0 hits, 0 errors, 1 left on base; San Francisco (APP) 3 - Bristol 2 |
BOTTOM OF THE 7TH |
Bristol Pirates batting - Pitching for San Francisco (APP) Giants : RHP Omar Rondon
|
Pitching: RHP Lorenzo de Jesus
|
|
Batting: RHB Rob Colley
|
0-0: Swinging Strike 0-1: Called Strike 0-2: Foul Ball, location: 2F 0-2: Ball 1-2: DOUBLE (Groundball, 3L, EV 105.6 MPH)
|
Batting: LHB Tomohiro Yokoyama
|
0-0: Foul Ball, location: 2F 0-1: Ball 1-1: Ball 2-1: Foul Ball, location: 2F 2-2: Fly out, F8 (Flyball, 89M, EV 88.8 MPH)
|
Batting: RHB Perry Dominey
|
0-0: Called Strike 0-1: Called Strike 0-2: Ball 1-2: Foul Ball, location: 2F 1-2: Strikes out swinging
|
Batting: LHB Randy Boone
|
0-0: Ball 1-0: Ball 2-0: Ball 3-0: Called Strike 3-1: Ground out U3 (Groundball, 3, EV 80.6 MPH)
|
Bottom of the 7th over - 0 runs, 1 hit, 0 errors, 1 left on base; San Francisco (APP) 3 - Bristol 2 |
TOP OF THE 8TH |
San Francisco (APP) Giants batting - Pitching for Bristol Pirates : LHP Norm Silveira-Wray
|
Pitching: RHP Ian Ferrara
|
|
Batting: RHB Teruhide Horiuchi
|
0-0: Ball 1-0: Ball 2-0: Swinging Strike 2-1: Ball 3-1: Foul Ball, location: 2F 3-2: Base on Balls
|
Batting: SHB David Barona
|
0-0: Bunted foul 0-1: Sac Bunt to 15 - play at first, batter OUT! 1-4 Teruhide Horiuchi to second
|
Batting: RHB David Andrews
|
0-0: Called Strike 0-1: Foul Ball, location: 2F 0-2: Fly out, F6 (Flyball, 6D, EV 87.5 MPH)
|
Batting: RHB Sadataka Kuwahara
|
0-0: Called Strike 0-1: Called Strike 0-2: Strikes out swinging
|
Top of the 8th over - 0 runs, 0 hits, 0 errors, 1 left on base; San Francisco (APP) 3 - Bristol 2 |
BOTTOM OF THE 8TH |
Bristol Pirates batting - Pitching for San Francisco (APP) Giants : RHP Lorenzo de Jesus
|
Pitching: RHP Hiroaki Yazawa
|
|
Batting: RHB Etsuro Hosokawa
|
0-0: Fly out, F7 (Flyball, 7, EV 74.4 MPH)
|
Batting: LHB Joe Wise
|
0-0: Ball 1-0: Ball 2-0: Ball 3-0: Base on Balls
|
Batting: LHB Ruben Garza
|
0-0: Ball 1-0: Called Strike 1-1: Fielders Choice at 2nd, 4-6 (Groundball, 4M, EV 98.8 MPH)
|
Batting: RHB Andrew DeRicco
|
0-0: Called Strike 0-1: Ball 1-1: Ball 2-1: Foul Ball, location: 2F 2-2: SINGLE (Groundball, 6D, EV 100.6 MPH) Ruben Garza to second
|
Batting: RHB Gilberto Victoria
|
0-0: Ball 1-0: Foul Ball, location: 2F 1-1: Called Strike 1-2: Strikes out swinging
|
Bottom of the 8th over - 0 runs, 1 hit, 0 errors, 2 left on base; San Francisco (APP) 3 - Bristol 2 |
TOP OF THE 9TH |
San Francisco (APP) Giants batting - Pitching for Bristol Pirates : RHP Ian Ferrara
|
Pitching: RHP Hugo Rodriguez
|
|
Batting: RHB Ryan Bentz
|
0-0: Ball 1-0: Ball 2-0: Swinging Strike 2-1: Foul Ball, location: 2F 2-2: Strikes out swinging
|
Batting: RHB Jeremy Bailey
|
0-0: Called Strike 0-1: Foul Ball, location: 2F 0-2: Ball 1-2: Strikes out swinging
|
Batting: LHB Al Hernandez
|
0-0: Called Strike 0-1: Swinging Strike 0-2: Strikes out swinging
|
Top of the 9th over - 0 runs, 0 hits, 0 errors, 0 left on base; San Francisco (APP) 3 - Bristol 2 |
BOTTOM OF THE 9TH |
Bristol Pirates batting - Pitching for San Francisco (APP) Giants : RHP Hiroaki Yazawa
|
Pitching: LHP Gil Longoria
|
|
Batting: RHB Rob Colley
|
0-0: Called Strike 0-1: Ball 1-1: Fly out, F9 (Flyball, 9LS, EV 80.6 MPH)
|
Batting: RHB Randy Bergman
|
0-0: Ball 1-0: SINGLE (Groundball, 6MD, EV 95.6 MPH)
|
Batting: RHB Perry Dominey
|
0-0: Ball 1-0: Ball 2-0: Ball 3-0: Base on Balls Randy Bergman to second
|
Batting: LHB Randy Boone
|
0-0: Called Strike 0-1: Foul Ball, location: 2F 0-2: Ball 1-2: Foul Ball, location: 2F 1-2: Strikes out looking
|
Batting: RHB Etsuro Hosokawa
|
0-0: Ball 1-0: Ball Wild Pitch! Randy Bergman to third Perry Dominey to second 2-0: Intentional Walk
|
Batting: LHB Joe Wise
|
0-0: Foul Ball, location: 2F 0-1: Called Strike 0-2: Ball 1-2: Foul Ball, location: 2F 1-2: Foul Ball, location: 2F 1-2: Foul Ball, location: 2F 1-2: Foul Ball, location: 2F 1-2: SINGLE (Groundball, 6S, EV 69.4 MPH) (infield hit) Randy Bergman scores Perry Dominey to third Etsuro Hosokawa to second
|
Pitching: LHP Mark Gregor
|
|
Batting: LHB Ruben Garza
|
0-0: Ball 1-0: Ball 2-0: Swinging Strike 2-1: Foul Ball, location: 2F 2-2: Foul Ball, location: 2F 2-2: Strikes out swinging
|
Bottom of the 9th over - 1 run, 2 hits, 0 errors, 3 left on base; San Francisco (APP) 3 - Bristol 3 |
TOP OF THE 10TH |
San Francisco (APP) Giants batting - Pitching for Bristol Pirates : RHP Hugo Rodriguez
|
Batting: RHB Jason Gregor
|
0-0: Called Strike 0-1: Ball 1-1: Called Strike 1-2: Fly out, F2 (Popup, 25F, EV 80.0 MPH)
|
Batting: RHB Edwin Verdugo
|
0-0: Called Strike 0-1: Fly out, F8 (Flyball, 78D, EV 88.8 MPH)
|
Batting: RHB Teruhide Horiuchi
|
0-0: Called Strike 0-1: Fly out, F7 (Line Drive, 7, EV 94.4 MPH)
|
Top of the 10th over - 0 runs, 0 hits, 0 errors, 0 left on base; San Francisco (APP) 3 - Bristol 3 |
BOTTOM OF THE 10TH |
Bristol Pirates batting - Pitching for San Francisco (APP) Giants : LHP Mark Gregor
|
Batting: RHB Andrew DeRicco
|
0-0: Swinging Strike 0-1: Called Strike 0-2: Foul Ball, location: 2F 0-2: Strikes out swinging
|
Batting: RHB Gilberto Victoria
|
0-0: Foul Ball, location: 2F 0-1: Fly out, F7 (Flyball, 7LM, EV 89.4 MPH)
|
Batting: RHB Rob Colley
|
0-0: Called Strike 0-1: Ball 1-1: Foul Ball, location: 2F 1-2: Strikes out swinging
|
Bottom of the 10th over - 0 runs, 0 hits, 0 errors, 0 left on base; San Francisco (APP) 3 - Bristol 3 |
TOP OF THE 11TH |
San Francisco (APP) Giants batting - Pitching for Bristol Pirates : RHP Hugo Rodriguez
|
Batting: SHB David Barona
|
0-0: Ball 1-0: Ball 2-0: Ball 3-0: Called Strike 3-1: Base on Balls
|
Batting: RHB David Andrews
|
0-0: Swinging Strike 0-1: Ball 1-1: Ball 2-1: Grounds into double play, 6-4-3 (Groundball, 6, EV 88.8 MPH)
|
Batting: RHB Sadataka Kuwahara
|
0-0: Called Strike 0-1: Called Strike 0-2: Ball 1-2: Strikes out swinging
|
Top of the 11th over - 0 runs, 0 hits, 0 errors, 0 left on base; San Francisco (APP) 3 - Bristol 3 |
BOTTOM OF THE 11TH |
Bristol Pirates batting - Pitching for San Francisco (APP) Giants : LHP Mark Gregor
|
Batting: RHB Randy Bergman
|
0-0: Called Strike 0-1: Ball 1-1: Swinging Strike 1-2: Foul Ball, location: 2F 1-2: Ball 2-2: Strikes out swinging
|
Batting: RHB Perry Dominey
|
0-0: Ball 1-0: Fly out, F9 (Flyball, 89D, EV 105.6 MPH)
|
Batting: LHB Randy Boone
|
0-0: Called Strike 0-1: Swinging Strike 0-2: Ball 1-2: Ball 2-2: DOUBLE (Flyball, 8LD, EV 102.5 MPH)
|
Batting: RHB Etsuro Hosokawa
|
0-0: Intentional Walk
|
Batting: LHB Joe Wise
|
0-0: Ball 1-0: Ball 2-0: Ball 3-0: Base on Balls Randy Boone to third Etsuro Hosokawa to second
|
Batting: LHB Ruben Garza
|
0-0: Called Strike 0-1: Ball 1-1: Called Strike 1-2: Strikes out looking
|
Bottom of the 11th over - 0 runs, 1 hit, 0 errors, 3 left on base; San Francisco (APP) 3 - Bristol 3 |
TOP OF THE 12TH |
San Francisco (APP) Giants batting - Pitching for Bristol Pirates : RHP Hugo Rodriguez
|
Batting: RHB Ryan Bentz
|
0-0: Ball 1-0: Ball 2-0: Called Strike 2-1: Foul Ball, location: 2F 2-2: Foul Ball, location: 2F 2-2: Strikes out looking
|
Batting: RHB Jeremy Bailey
|
0-0: Foul Ball, location: 2F 0-1: Ball 1-1: Ball 2-1: SOLO HOME RUN (Flyball, 9LD, EV 92.5 MPH), Distance : 343 ft
|
Pitching: RHP Doug Rawson
|
|
Batting: LHB Al Hernandez
|
0-0: Ball 1-0: Swinging Strike 1-1: Called Strike 1-2: SINGLE (Groundball, 34D, EV 98.8 MPH)
|
Batting: RHB Jason Gregor
|
0-0: Ball 1-0: Called Strike 1-1: Ball 2-1: Ball 3-1: Base on Balls Al Hernandez to second
|
Batting: RHB Edwin Verdugo
|
0-0: Called Strike 0-1: Foul Ball, location: 2F 0-2: Fly out, F7 (Flyball, 78D, EV 103.8 MPH)
|
Batting: RHB Teruhide Horiuchi
|
0-0: Ground out U3 (Groundball, 34, EV 86.3 MPH)
|
Top of the 12th over - 1 run, 2 hits, 0 errors, 2 left on base; San Francisco (APP) 4 - Bristol 3 |
BOTTOM OF THE 12TH |
Bristol Pirates batting - Pitching for San Francisco (APP) Giants : LHP Mark Gregor
|
Batting: RHB Andrew DeRicco
|
0-0: Ball 1-0: Ball 2-0: Called Strike 2-1: Ball 3-1: Base on Balls
|
Pitching: LHP Jack Klein
|
|
Batting: RHB Gilberto Victoria
|
0-0: Ball 1-0: Foul Ball, location: 2F 1-1: Swinging Strike 1-2: SINGLE (Groundball, 34, EV 80.0 MPH) (infield hit) Andrew DeRicco to second
|
Batting: RHB Rob Colley
|
0-0: Called Strike 0-1: Ball 1-1: Foul Ball, location: 2F 1-2: Ball 2-2: Fly out, F7 (Flyball, 78D, EV 98.8 MPH)
|
Batting: RHB Randy Bergman
|
0-0: Ball 1-0: Swinging Strike 1-1: Foul Ball, location: 2F 1-2: Strikes out swinging
|
Batting: RHB Perry Dominey
|
0-0: Ball 1-0: Ball 2-0: Called Strike 2-1: Ball 3-1: Base on Balls Andrew DeRicco to third Gilberto Victoria to second
|
Batting: LHB Randy Boone
|
0-0: Called Strike 0-1: Ground out 1-3 (Groundball, 15S, EV 68.1 MPH)
|
Bottom of the 12th over - 0 runs, 1 hit, 0 errors, 3 left on base; San Francisco (APP) 4 - Bristol 3 |
|